 Dungeon Crawl Stone Soup version 0.29-a0-617-g7a6b98fccd (webtiles) character file.

Game seed: 15343269173086473121

100 bande the Skirmisher (level 4, -5/29 HPs)
             Began as a Gargoyle Fighter on June 17, 2022.
             Slain by an ogre
             ... wielding a +0 giant club
              (15 damage)
             ... on level 3 of the Dungeon on June 18, 2022.
             The game lasted 00:06:56 (2051 turns).

bande the Skirmisher (Gargoyle Fighter)             Turns: 2051, Time: 00:06:57

Health: -5/29      AC: 12    Str: 19    XL:     4   Next: 74%
Magic:  4/4        EV:  9    Int:  9    God:
Gold:   24         SH:  4    Dex: 11    Spells: 3/3 levels left

rFire   . . .      SeeInvis .   a - +0 war axe (vorpal)
rCold   . . .      Faith    .   c - +0 buckler
rNeg    + . .      Spirit   .   b - +0 scale mail
rPois   ∞          Reflect  .   (no helmet)
rElec   +          Harm     .   (no cloak)
rCorr   .          Rampage  .   l - +1 pair of gloves
Will    .....                   (no boots)
Stlth   ..........              (no amulet)
HPRegen 0.09/turn               (no ring)
MPRegen 0.09/turn               (no ring)

@: mighty
A: sickness immunity, AC +3, negative energy resistance 1, electricity
resistance, torment resistance 1, petrification resistance
a: no special abilities


You were on level 3 of the Dungeon.
You visited 1 branch of the dungeon, and saw 3 of its levels.

You collected 36 gold pieces.
You spent 12 gold pieces at shops.

Inventory:

Hand Weapons
 a - a +0 vorpal war axe (weapon)
Missiles
 f - a throwing net (quivered)
Armour
 b - a +0 scale mail (worn)
 c - a +0 buckler (worn)
 l - a +1 pair of gloves (worn)
Scrolls
 g - a scroll of blinking
Potions
 e - a potion of curing
 h - a potion of magic
 i - a potion of haste
 n - a potion of invisibility


   Skills:
 + Level 3.8 Fighting
 + Level 3.2 Axes
 + Level 3.8 Armour
 + Level 3.8 Shields


You had 3 spell levels left.
You didn't know any spells.
Your spell library contained the following spells:

 Spells                   Type           Power      Damage    Failure   Level
 Apportation              Tloc           0%         N/A       83%         1
 Ozocubu's Armour         Ice            0%         N/A       99%         3
 Alistair's Intoxication  Tmut/Pois      0%         N/A       100%        5
 Ozocubu's Refrigeration  Ice            0%         4d5       100%        7


Dungeon Overview and Level Annotations

Branches:
Dungeon (3/15)

Altars:
Elyvilon

Shops:
D:1 (   D:3 !

Annotations:
D:3 Sigmund


Innate Abilities, Weirdness & Mutations

You are immune to sickness and miasma.
Your stone body is resilient. (AC +3)
You are immune to poison.
You resist negative energy. (rN+)
You are resistant to electric shocks. (rElec)
You are resistant to unholy torment.
You are immune to petrification.


Message History

Press ? for a list of commands and other information.
There is an entrance to Eletsapp's Distillery here.
Found a stone staircase leading down.
You now have 20 gold pieces (gained 7).
You now have 24 gold pieces (gained 4).
Found a stone staircase leading up.
There is a stone staircase leading up here.
You climb upwards.
There is a stone staircase leading down here.
Done exploring.
There is a stone staircase leading up here.
You climb upwards.
There is a stone staircase leading down here.
Done exploring.
You climb downwards.
There is a stone staircase leading up here.
There is a stone staircase leading down here.
You climb downwards.
There is a stone staircase leading up here.
Sigmund the Dreaded comes into view.
He is wielding a +0 scythe and wearing a +2 robe of resistance.
Sigmund shouts!
You feel very mighty all of a sudden.
An ogre comes into view. It is wielding a +0 giant club.
Sigmund casts a spell at you.
The magic dart hits you but does no damage.
Found a scale mail.
Sigmund hits you with a +0 scythe!
You slash Sigmund!
Sigmund is severely wounded.
You slash the ogre! The ogre hits you with a +0 giant club!
Sigmund closely misses you.
You closely miss Sigmund.
Sigmund is severely wounded.
You hit the ogre. The ogre barely misses you.
Sigmund hits you but does no damage.
You closely miss Sigmund.
Sigmund is severely wounded.
You slash the ogre! The ogre hits you with a +0 giant club!
Ouch! That really hurt!
You die...

#.###.#....#
#..........##
#.###.......## ###.#
#.....#...
###...###.......# .
..............##
...######...#####....###
.[...$O.....##..........
......@@.............###
..#########.##.##.####
#.##<##.# #.......#
####.#### #.# #.# #.#
#.#


You could see an ogre and Sigmund.

Vanquished Creatures
  Jessica (D:3)
  3 adders (D:2)
  A worm (D:2)
  A dart slug (D:1)
  5 bats (D:1)
  4 endoplasms
  2 giant cockroaches
  4 hobgoblins
  3 jackals (D:1)
  A quokka (D:2)
  3 ball pythons (D:1)
  4 frilled lizards
  3 goblins (D:1)
  4 kobolds
  3 rats
42 creatures vanquished.

Notes
Turn   | Place    | Note
-------+----------+-------------------------------------------
     0 | D:1      | bande the Gargoyle Fighter began the quest for the Orb.
     0 | D:1      | Reached XP level 1. HP: 14/14 MP: 1/1
   134 | D:1      | Reached XP level 2. HP: 19/19 MP: 2/2
   400 | D:1      | You fall into a shaft and drop 1 floor!
   480 | D:2      | Reached XP level 3. HP: 23/24 MP: 3/3
   546 | D:1      | Found Ezoceal's Weapon Boutique.
   742 | D:1      | Found a faded altar of an unknown god.
  1470 | D:2      | Reached XP level 4. HP: 29/29 MP: 4/4
  1613 | D:2      | Found a white marble altar of Elyvilon.
  1874 | D:3      | Noticed Jessica
  1881 | D:3      | Killed Jessica
  1923 | D:3      | Found Eletsapp's Distillery.
  1931 | D:3      | Bought a potion of degeneration for 12 gold pieces
  1943 | D:3      | Upgraded the game from 0.29-a0-613-gf2c431b9b9 to
                  | 0.29-a0-617-g7a6b98fccd
  2044 | D:3      | Noticed Sigmund
  2045 | D:3      | Noticed an ogre
  2051 | D:3      | Slain by an ogre

Illustrated notes

Levels and vault maps discovered:
D:1:      psy_arrival_fountain, layout_basic, serial_shops, nicolae_square_shop,
          shapermc_ecumenical_altar_acropolis
D:2:      layout_loops_ring, basic_altar
D:3:      layout_loops_ring, serial_shops, shop, uniq_sigmund, uniq_jessica

Skill      XL: |  1  2  3  4 |
---------------+-------------+-----
Axes           | 2 3 |  3.2
Fighting       | |  3.8
Armour         | |  3.8
Shields        | |  3.8

Action                   |  1- 3 |  4- 6 || total
-------------------------+-------+-------++-------
Melee: War axe           |    86 |    18 ||   104
  Use: Scroll            |     8 |     5 ||    13
       Potion            |       |     1 ||     1
Armor: Scale mail        |    51 |     7 ||    58
Dodge: Dodged            |    48 |    11 ||    59
Block: Buckler           |    20 |     2 ||    22

Table legend: (Time is in decaauts)
 A = Elapsed time spent in this place.
 B = Non-inter-level travel time spent in this place.
 C = Inter-level travel time spent in this place.
 D = Time resting spent in this place.
 E = Time spent auto-exploring this place.
 F = Levels seen in this place.
 G = Mean time per level.
                   A        B        C        D        E       F      G
               +--------+--------+--------+--------+--------+-----+--------+
         Total |   2097 |   2097 |      0 |    266 |   1358 |   3 |  699.0 |
       Dungeon |   2097 |   2097 |      0 |    266 |   1358 |   3 |  699.0 |
               +--------+--------+--------+--------+--------+-----+--------+

Top non-repeatable levels by time:
     D:2: 1063 daAuts
     D:1: 793 daAuts
     D:3: 241 daAuts
